 Dungeon Crawl Stone Soup version 0.28.0 (webtiles) character file.

Game seed: 15535001249883048010

198 hikkokomori the Skirmisher (level 6, -7/37 (51) HPs)
             Began as a Formicid Fighter on Feb 8, 2022.
             Killed by nerve-wracking pain
             ... invoked by an orc priest
              (12 damage)
             ... on level 4 of the Dungeon.
             The game lasted 00:08:25 (4605 turns).

hikkokomori the Skirmisher (Formicid Fighter)       Turns: 4605, Time: 00:08:25

HP:   -7/37 (51)    AC:  9    Str: 23      XL:     6   Next: 5%
MP:   6/6           EV:  7    Int:  4 (7)  God:
Gold: 167           SH:  5    Dex:  8 (10) Spells: 5/5 levels left

rFire   . . .      SeeInvis +   a - +1 war axe
rCold   . . .      Faith    .   c - +1 buckler
rNeg    . . .      Spirit   .   o - +0 chain mail
rPois   .          Reflect  .   (helmet unavailable)
rElec   .          Harm     .   (no cloak)
rCorr   .          Rampage  .   (no gloves)
Will    .....                   (no boots)
Stlth   ..........              (no amulet)
HPRegen 0.12/turn               (no ring)
MPRegen 0.10/turn               (no ring)

@: very heavily drained
A: permanent stasis, dig shafts and tunnels, antennae 3, four strong arms
a: Dig, Shaft Self


You were on level 4 of the Dungeon.
You visited 1 branch of the dungeon, and saw 4 of its levels.
You also visited: Sewer.

You collected 167 gold pieces.

Inventory:

Hand Weapons
 a - a +1 war axe (weapon)
Missiles
 h - 2 throwing nets
 i - 5 curare-tipped darts
Armour
 b - a +0 scale mail
 c - a +1 buckler (worn)
 o - a +0 chain mail (worn)
Scrolls
 f - 2 scrolls of enchant armour
 g - a scroll of magic mapping {unknown}
 j - a scroll of amnesia {unknown}
 k - 2 scrolls of holy word {unknown}
Potions
 d - 2 potions of might
 e - a potion of cancellation
 l - a potion of degeneration
 m - 2 potions of curing
 n - a potion of heal wounds
 p - a potion of berserk rage
 q - a potion of mutation {unknown}
 r - a potion of lignification {unknown}


   Skills:
 + Level 5.3 Fighting
 + Level 4.3 Axes
 - Level 3.2 Armour
 - Level 3.6 Shields


You had 5 spell levels left.
You didn't know any spells.
Your spell library was empty.

Dungeon Overview and Level Annotations

Branches:
Dungeon (4/15)              Sewer (visited)
 Temple: D:4-7

Altars:
Dithmenos
Makhleb
Trog
The Shining One


Innate Abilities, Weirdness & Mutations

You cannot be hasted, slowed, berserked, paralysed or teleported.
You can dig through walls and to a lower floor.
You have a pair of large antennae on your head. (SInv)
Your four strong arms can wield two-handed weapons with a shield.


Message History

You hit the orc priest but do no damage.
The orc priest is almost dead.
The orc priest hits you but does no damage.
Unknown command.
You hit the orc priest but do no damage.
The orc priest is almost dead.
You barely miss the orc. You slash the orc wizard!
The orc priest hits you with a +0 club.
The orc wizard hits you with a +0 dagger.
The orc priest hits you but does no damage.
The orc wizard hits you but does no damage.
The orc hits you with a +0 club.
You closely miss the orc priest.
The orc priest is almost dead.
You slash the orc!
You kill the orc!
You barely miss the orc. You hit the orc wizard.
You block the orc priest's attack.
The orc wizard gestures at you while chanting.
The magic dart hits you but does no damage.
You block the orc's attack.
You completely miss the orc priest.
The orc priest is almost dead.
You hit the orc. You miss the orc wizard.
The orc priest calls down the wrath of Beogh upon you.
Pain shoots through your body!
The orc wizard hits you but does no damage.
The orc hits you but does no damage.
You hit the orc priest but do no damage.
The orc priest is almost dead.
You slash the orc!
You kill the orc!
You closely miss the orc wizard.
The orc priest calls down the wrath of Beogh upon you.
Pain shoots through your body!
* * * LOW HITPOINT WARNING * * *
The orc wizard barely misses you.
The orc priest mumbles some strange prayers to Beogh against you.
Pain shoots through your body!
You die...

##....## #. ##......##
#..##.#..# #..#.#...#
# ###..)#.#..# ..#
##.#..#.##..#
....#####..##......##
#...(o.)..###....##
o#.o@.....##''##
......))#.##.....####
......#...###........#
.........## #.######.#
.........# #.#
.......#.. #.#
.......##. ..# .......
## ... .##.


You could see an orc priest and an orc wizard (invisible).

Vanquished Creatures
  A centaur skeleton (D:3)
  4 river rats
  4 adders
  An ufetubus (D:4)
  2 worms (D:3)
  A dart slug (D:2)
  4 orcs (D:4)
  6 endoplasms
  9 goblins
  9 hobgoblins
  2 quokkas (D:3)
  9 ball pythons
  4 bats
  8 frilled lizards
  6 kobolds
  15 rats
85 creatures vanquished.

Vanquished Creatures (others)
  21 plants (D:2)
21 creatures vanquished.

Grand Total: 106 creatures vanquished

Notes
Turn   | Place    | Note
-------+----------+-------------------------------------------
     0 | D:1      | hikkokomori the Formicid Fighter began the quest for the
                  | Orb.
     0 | D:1      | Reached XP level 1. HP: 18/18 MP: 1/1
    84 | D:1      | Reached XP level 2. HP: 23/24 MP: 2/2
  1055 | D:2      | Reached XP level 3. HP: 30/30 MP: 3/3
  1295 | D:2      | Reached skill level 4 in Fighting
  2060 | D:3      | Found a shadowy altar of Dithmenos.
  2067 | D:3      | Found a faded altar of an unknown god.
  2068 | D:3      | Noticed a golden eye
  2081 | D:3      | Reached XP level 4. HP: 34/38 MP: 4/4
  2084 | D:3      | Noticed a great orb of eyes
  2084 | D:3      | Noticed a great orb of eyes
  2084 | D:3      | Noticed an eye of devastation
  2350 | D:3      | Reached XP level 5. HP: 31/43 MP: 5/5
  2368 | D:3      | Found a glowing drain.
  2372 | Sewer    | Entered a sewer
  2677 | Sewer    | Reached skill level 5 in Fighting
  4210 | D:3      | Found a burning altar of Makhleb.
  4213 | D:3      | Found a bloodstained altar of Trog.
  4267 | D:3      | Found a glowing golden altar of the Shining One.
  4540 | D:4      | Reached XP level 6. HP: 31/36 MP: 6/6
  4605 | D:4      | Killed from afar by an orc priest

Illustrated notes

Levels and vault maps discovered:
D:1:      lightli_arrival_boilingwater, layout_loops_ring, minmay_tromino_v4_c
D:2:      layout_loops_corners, serial_bayou, serial_bayou_pond_d,
          serial_bayou_shore_a, serial_bayou_pond_a, serial_bayou_lake_a
D:3:      layout_loops_ring, nicolae_overflow_hidden_temple,
          gup_sewer_entry_spiral, hellmonk_ecumenical_altar_watching_god
D:4:      layout_rooms, kennysheep_generic_room_3

Skill      XL: |  1  2  3  4  5 |
---------------+----------------+-----
Fighting       | 4 5 |  5.3
Axes           | 3 4 |  4.3
Armour         | |  3.2
Shields        | |  3.6

Action                   |  1- 3 |  4- 6 || total
-------------------------+-------+-------++-------
Melee: War axe           |   131 |   123 ||   254
 Abil: Dig               |       |     8 ||     8
  Use: Scroll            |     5 |     2 ||     7
       Potion            |       |     3 ||     3
Armor: Scale mail        |    45 |       ||    45
       Chain mail        |    23 |    77 ||   100
Dodge: Dodged            |    56 |    44 ||   100
Block: Buckler           |    27 |    35 ||    62
